[Event "45th FIDE Olympiad 2024"]
[Site "Budapest"]
[Date "2024.09.11"]
[Round "1.32"]
[White "Svane, Frederik"]
[Black "Rakotomaharavo, Dylan"]
[Result "1-0"]
[ECO "B45"]
[WhiteElo "2640"]
[BlackElo "2078"]
[Annotator "TA"]
[PlyCount "169"]
[EventDate "2024.09.05"]
[EventType "team-tourn"]
[EventCountry "HUN"]
[SourceTitle "playchess.com"]
[Source "ChessBase"]
[SourceQuality "1"]
[WhiteTeam "Germany"]
[BlackTeam "Madagascar"]
[WhiteTeamCountry "GER"]
[BlackTeamCountry "MAD"]
[TimeControl "40/5400+30:1800+30"]

1. e4 c5 2. Nf3 e6 3. d4 cxd4 4. Nxd4 Nf6 5. Nc3 Nc6 6. a3 Be7 7. Nxc6 {[%emt 0:00:32] B45: Sicilian Four Knights.} dxc6 8. Qxd8+ Bxd8 9. Bf4 Nd7 10. Bd6 e5 $146 ({Predecessor:} 10... Be7 11. O-O-O Bxd6 12. Rxd6 Ke7 13. Rd2 b5 14. Be2 Rd8 15. f4 e5 16. Rhd1 Bb7 {1-0 Popov,V (2195)-Kruk,S (2138) RUS HKMC-02 email 2012}) 11. Bc4 Be7 12. O-O-O Bxd6 13. Rxd6 Ke7 14. Rhd1 Nb6 15. Ba2 Bg4 16. f3 Be6 17. Bxe6 fxe6 18. R6d3 Rad8 19. a4 Rxd3 20. Rxd3 Rd8 21. Rxd8 Kxd8 22. b3 Nd7 23. Kd2 Ke7 24. Nd1 Kd6 25. Kc3 b6 26. Nb2 a6 27. h4 Kc7 28. Nd3 Kd6 29. Kc4 Kc7 30. b4 Kd6 31. Kb3 Kc7 32. Kc3 Kd6 33. Kb3 Kc7 $1 34. Nb2 Kd6 35. a5 ({Much weaker is} 35. Nc4+ $6 Kc7 $11) 35... b5 36. c4 $1 Kc7 37. Nd3 Kd6 38. Kc3 Kc7 39. Kb3 Kd6 $1 40. Kc3 Kc7 $1 41. c5 Kd8 42. Kd2 Ke7 43. Ke3 Kf6 44. Kf2 h6 45. Kg3 g5 46. Nf2 Kg6 47. Ng4 Kh5 48. hxg5 hxg5 49. Kf2 Kg6 50. Ke3 Kh5 51. g3 Kg6 52. f4 (52. Kd3 $16) 52... exf4+ 53. gxf4 e5 (53... gxf4+ $11 54. Kxf4 Kf7) 54. fxg5 ({Of course not} 54. fxe5 Kf7 $11) (54. Nxe5+ Nxe5 55. fxe5 Kf7 $11) (54. f5+ $1 $16 Kg7 55. Ke2) 54... Kxg5 $11 55. Kf3 Kg6 56. Kg2 Kh5 57. Kh3 Kg5 58. Kg3 Kh5 $1 59. Ne3 Kg5 60. Nf5 Kh5 61. Nd6 Kg5 62. Ne8 Kh5 63. Kf3 Kg5 64. Nc7 Nb8 65. Kg3 Kh5 $1 66. Kf2 Kg4 67. Ke3 Kg5 68. Kf3 Kh5 69. Ne6 (69. Kg3 $5) 69... Kh4 70. Nf8 Kh5 71. Ne6 Kh4 72. Nd8 Kh5 73. Nf7 Nd7 74. Kg3 Kg6 $1 75. Nd8 Nb8 $1 76. Kh4 Kf6 77. Kg4 Kg6 $2 (77... Ke7 $11 78. Nb7 Kf6) 78. Nb7 $2 (78. Ne6 $1 $18 Nd7 79. Nc7 Nxc5 80. Kf3 (80. bxc5 b4 $16)) 78... Nd7 $11 79. Nd6 (79. Kh4 $1 $16 {Threatens to win with Nd8.} Kf6 80. Kg4) 79... Nf6+ (79... Kf6 $11) 80. Kf3 ({Better is} 80. Kh4 $1 $16) 80... Nd7 $2 (80... Kh5 $11) 81. Nxb5 $1 $18 Kf6 82. Nd6 Ke6 {[%emt 0:00:56] [#]} 83. Ne8 $1 Ke7 {[%emt 0:00:17] [#]} 84. Nc7 $1 Nb8 85. Kg4 1-0

[Event "45th FIDE Olympiad 2024"]
[Site "Budapest"]
[Date "2024.09.11"]
[Round "1.32"]
[White "Mtsetfwa, Philani"]
[Black "Asllani, Muhamet"]
[Result "0-1"]
[ECO "C65"]
[WhiteElo "1688"]
[BlackElo "2191"]
[Annotator "NA"]
[PlyCount "68"]
[EventDate "2024.09.05"]
[EventType "team-tourn"]
[EventCountry "HUN"]
[SourceTitle "playchess.com"]
[Source "ChessBase"]
[SourceQuality "1"]
[WhiteTeam "Eswatini"]
[BlackTeam "Kosovo"]
[BlackTeamCountry "KOS"]
[TimeControl "40/5400+30:1800+30"]

1. e4 e5 2. Nf3 Nc6 3. Bb5 Nf6 4. d3 Bc5 5. O-O d6 6. Re1 O-O 7. c3 a6 8. Ba4 b5 9. Bc2 Ng4 10. Re2 f5 11. d4 Bb6 12. dxe5 dxe5 13. Qd5+ Qxd5 14. exd5 Na5 15. h3 e4 16. Ne1 Nf6 17. a4 Bb7 18. Na3 Bxd5 19. Be3 Bxe3 20. fxe3 Nc4 21. Nxc4 bxc4 22. Bd1 Rfb8 23. Ra2 Rb6 24. Nc2 c5 25. Rd2 Be6 26. Be2 Nd7 27. a5 Rc6 28. Rxd7 Bxd7 29. Bxc4+ Be6 30. Bxe6+ Rxe6 31. Na3 Rd8 32. Nc4 Rd1+ 33. Kf2 Rc1 34. Nb6 Rc2+ 0-1

[Event "45th FIDE Olympiad 2024"]
[Site "Budapest"]
[Date "2024.09.11"]
[Round "1.33"]
[White "Vitiugov, Nikita"]
[Black "Bai, Adelard"]
[Result "1-0"]
[ECO "C72"]
[WhiteElo "2676"]
[BlackElo "2378"]
[Annotator "TA"]
[PlyCount "83"]
[EventDate "2024.09.05"]
[EventType "team-tourn"]
[EventCountry "HUN"]
[SourceTitle "playchess.com"]
[Source "ChessBase"]
[SourceQuality "1"]
[WhiteTeam "England"]
[BlackTeam "Chinese Taipei"]
[WhiteTeamCountry "ENG"]
[TimeControl "40/5400+30:1800+30"]

1. e4 e5 2. Nf3 Nc6 3. Bb5 a6 4. Ba4 d6 5. O-O Bd7 6. c4 g6 7. d4 Bg7 8. Bxc6 Bxc6 9. dxe5 dxe5 10. Qc2 {White is slightly better.} Ne7 11. Nc3 O-O 12. Be3 Qc8 13. b4 Bd7 14. a4 Bg4 15. Nd2 Nc6 16. Nd5 Re8 17. Qb2 Nd4 18. f3 Be6 19. Nb3 Nxb3 20. Qxb3 Bxd5 21. cxd5 Qd7 22. Rac1 c6 23. Rfd1 {aiming for dxc6. White is more active.} cxd5 24. Qxd5 Qxd5 25. exd5 {Hoping for d6.} Re7 26. Bb6 $1 $36 {[%mdl 2048] Strongly threatening d6. White has strong initiative.} Rd7 {[#]} 27. Rc7 $1 Rad8 {[#]} (27... Rxc7 $16 {was called for.} 28. Bxc7 Bf6) 28. Rxb7 $3 $18 Rxb7 29. Bxd8 {[%mdl 4096] Endgame. Black must now prevent d6. KRB-KRB} Kf8 (29... Rxb4 $2 {perishes.} 30. d6 Rb8 31. Bc7 $18) 30. Ba5 (30. Rc1 $18 {and White stays clearly on top. Rc8 would now be deadly.} Ke8 31. Ba5) 30... Ke7 (30... Bh6 $142) 31. Rc1 $16 Kd6 32. Rc6+ Kxd5 33. Rxa6 f5 34. b5 e4 35. Kf1 Bd4 (35... Be5 $16 36. fxe4+ fxe4) 36. Ra8 $18 Kc4 37. fxe4 fxe4 {Threatens to win with ...Rf7+.} 38. Ke2 Ra7 $2 (38... g5 $18 39. Be1 Kb3) 39. Rxa7 {White mates.} Bxa7 40. Bc7 Kc5 41. Ke3 Kd5+ 42. b6 {Weighted Error Value: White=0.07 (flawless) /Black=0.34.  Mistake:       	White=1     	Black=4      Inaccurate:     	---       	Black=3      OK:         	White=9     	Black=8      Best:        	White=4     	Black=3      Strong:       	White=2     	---        Brilliant:      	White=1     	---} 1-0

[Event "45th FIDE Olympiad 2024"]
[Site "Budapest"]
[Date "2024.09.11"]
[Round "1.33"]
[White "Moncur, Cecil"]
[Black "Atabayev, Saparmyrat"]
[Result "0-1"]
[ECO "E12"]
[WhiteElo "1839"]
[BlackElo "2516"]
[Annotator "TA"]
[PlyCount "92"]
[EventDate "2024.09.05"]
[EventType "team-tourn"]
[EventCountry "HUN"]
[SourceTitle "playchess.com"]
[Source "ChessBase"]
[SourceQuality "1"]
[WhiteTeam "Bahamas"]
[BlackTeam "Turkmenistan"]
[WhiteTeamCountry "BAH"]
[BlackTeamCountry "TKM"]
[TimeControl "40/5400+30:1800+30"]

1. d4 Nf6 2. c4 e6 3. Nf3 b6 4. a3 Ba6 5. Qc2 d5 6. e3 Be7 7. Bd3 c5 8. cxd5 {[#] Bxa6 would now be deadly. The position is equal.} Bxd3 9. Qxd3 exd5 10. Nc3 c4 11. Qc2 (11. Qf5 {feels hotter.} Nc6 12. Ne5 g6 13. Qf3) 11... O-O 12. O-O Nc6 13. Bd2 a6 14. h3 b5 15. Rfc1 Na5 {Strongly threatening ...Nb3.} 16. Rab1 Re8 17. Qf5 Nb3 18. Rd1 g6 19. Qc2 Bd6 20. Be1 Rb8 21. Nd2 (21. Ne5 $142) 21... Na5 {Black is much more active.} ({Black should play} 21... Nxd2 $17 22. Bxd2 Bc7) 22. Nf3 {[#]} ({White should try} 22. Nf1 $15) 22... Nc6 $1 $17 23. Ra1 a5 24. Ne2 Qe7 25. g3 (25. b3 $142) 25... Ra8 26. Kg2 b4 27. axb4 axb4 28. Rdb1 Ra7 29. Rc1 Rea8 30. Rxa7 Rxa7 31. Nf4 (31. Rb1 $17) 31... Ra2 (31... Bxf4 $19 32. gxf4 b3) 32. Rb1 $2 {Loses the game.} (32. Nxd5 $17 {is the only way for White.} Nxd5 33. Qxc4 Nxe3+ (33... Rxb2 $2 {loses.} 34. Qxd5 Na7 35. e4 $18) 34. fxe3 Rxb2+ 35. Rc2 Rxc2+ 36. Qxc2) 32... b3 $19 33. Qc1 Bxf4 34. gxf4 {White is weak on the light squares} Qe4 35. Bc3 Ne8 36. Qd1 Nd6 37. Kg1 Nb5 38. Ne5 Nxe5 39. dxe5 Nxc3 40. bxc3 {[%mdl 4096] Endgame. KQR-KQR} Qc2 41. Qe1 Qe2 42. Kg2 Qxe1 43. Rxe1 Rc2 44. Rd1 Rxc3 {...b2 is the strong threat.} 45. Rxd5 b2 46. Rb5 Rb3 {Weighted Error Value: White=0.98/Black=0.11 (very precise) .  Loses game:     	White=1     	---        Mistake:       	White=4     	Black=2      Inaccurate:     	White=2     	---        OK:         	White=5     	Black=10     Best:        	White=1     	---        Strong:       	---       	Black=1} 0-1

[Event "45th FIDE Olympiad 2024"]
[Site "Budapest"]
[Date "2024.09.11"]
[Round "1.34"]
[White "Song, Raymond"]
[Black "Howell, David W L"]
[Result "1/2-1/2"]
[ECO "B19"]
[WhiteElo "2503"]
[BlackElo "2677"]
[Annotator "TA"]
[PlyCount "65"]
[EventDate "2024.09.05"]
[EventType "team-tourn"]
[EventCountry "HUN"]
[SourceTitle "playchess.com"]
[Source "ChessBase"]
[SourceQuality "1"]
[WhiteTeam "Chinese Taipei"]
[BlackTeam "England"]
[BlackTeamCountry "ENG"]
[TimeControl "40/5400+30:1800+30"]

1. e4 c6 2. d4 d5 3. Nd2 dxe4 4. Nxe4 Bf5 5. Ng3 Bg6 6. h4 h6 7. Nf3 e6 8. Ne5 Bh7 9. Bd3 Bxd3 10. Qxd3 Nd7 11. Qe2 Ngf6 12. O-O Be7 13. Rd1 Qc7 14. Nxd7 Qxd7 15. c4 O-O 16. Bf4 Bd6 17. Be5 {[%emt 0:00:28] [#] Strongly threatening Bxf6.} Qe7 18. Rd3 Rfd8 19. Rad1 Rd7 20. h5 Rad8 21. b3 Bxe5 22. dxe5 Rxd3 23. Rxd3 Rxd3 24. Qxd3 $11 {[%emt 0:00:07][%mdl 4096] Endgame. KQN-KQN} Ng4 25. Qd4 Qg5 26. Qxa7 Qxe5 27. Nf1 Qb2 ({Don't play} 27... Qxh5 28. Qxb7 Qf5 29. Qb6 $14) 28. Qb8+ Kh7 29. Qf4 f5 30. Qd2 {[%emt 0:00:13] The position is equal.} Qa1 31. g3 Nf6 32. Qe2 Ne4 33. Kg2 {[%emt 0:00:05] A balanced but interesting game.   Weighted Error Value: White=0.04 (flawless) /Black=0.01 (flawless) .  OK:         	White=11    	Black=12     Best:        	White=1     	---} 1/2-1/2

[Event "45th FIDE Olympiad 2024"]
[Site "Budapest"]
[Date "2024.09.11"]
[Round "1.34"]
[White "Annaberdiyev, Meylis"]
[Black "Ferguson, Joseph"]
[Result "1-0"]
[ECO "C02"]
[WhiteElo "2431"]
[BlackElo "1797"]
[Annotator "TA"]
[PlyCount "69"]
[EventDate "2024.09.05"]
[EventType "team-tourn"]
[EventCountry "HUN"]
[SourceTitle "playchess.com"]
[Source "ChessBase"]
[SourceQuality "1"]
[WhiteTeam "Turkmenistan"]
[BlackTeam "Bahamas"]
[WhiteTeamCountry "TKM"]
[BlackTeamCountry "BAH"]
[TimeControl "40/5400+30:1800+30"]

1. e4 e6 2. d4 d5 3. e5 Ne7 4. Nf3 b6 5. c3 Qd7 6. h4 Ba6 7. Bxa6 Nxa6 8. Qd3 {White is slightly better.} Nb8 9. h5 h6 10. Na3 Nf5 11. Nc2 c5 12. Bd2 Nc6 13. b4 cxd4 14. cxd4 b5 15. a4 ({But not} 15. Qxb5 $6 Rb8 (15... Nxe5 16. Qxd7+ Nxd7 17. Ke2 $11) 16. Qd3 (16. Qa4 Nxb4 17. Qxd7+ Kxd7 $11) 16... Bxb4 $11) 15... bxa4 16. b5 (16. Rxa4 $2 Nxe5 17. Nxe5 Qxa4 $19) 16... Nd8 17. Rxa4 {White is more active.} Rb8 18. Ra5 Nb7 19. Ra2 {[%cal Og2g4] g4! would now be deadly.} Nd8 20. Rb2 $36 {[%mdl 2048] White is on the roll.} Qc7 (20... Ne7 $16) 21. O-O $18 a6 $2 {[#]} (21... Qb7 22. Ra1 Ne7) 22. b6 $1 Qb7 {Black is weak on the dark squares} 23. Ra1 Ra8 24. Qb3 Ne7 25. Nfe1 Nec6 26. Qg3 a5 27. Nd3 {Threatens to win with Nc5.} Qb8 28. Nc5 Nxd4 $2 (28... Nb7 29. Na4 f6) 29. Nxd4 {[%cal Bc2d4,Bd4b5,Bb5c7][%mdl 32] [#] And now b7 would win. White is clearly winning.} (29. Rxa5 $2 {perishes.} Ne2+ 30. Kh2 Nxg3 $19) 29... Bxc5 30. Nb5 Kf8 31. Nc7 Bxb6 32. Qa3+ Kg8 33. Nxa8 Bxf2+ 34. Kxf2 Qxa8 35. Qxa5 {Weighted Error Value: White=0.10 (very precise) /Black=0.20 (precise) .  Mistake:       	---       	Black=3      Inaccurate:     	---       	Black=2      OK:         	White=12    	Black=10     Best:        	White=1     	Black=3} 1-0

[Event "45th FIDE Olympiad 2024"]
[Site "Budapest"]
[Date "2024.09.11"]
[Round "1.35"]
[White "Adams, Michael"]
[Black "Yang, Ching Wei"]
[Result "1-0"]
[ECO "C55"]
[WhiteElo "2661"]
[BlackElo "2121"]
[Annotator "TA"]
[PlyCount "81"]
[EventDate "2024.09.05"]
[EventType "team-tourn"]
[EventCountry "HUN"]
[SourceTitle "playchess.com"]
[Source "ChessBase"]
[SourceQuality "1"]
[WhiteTeam "England"]
[BlackTeam "Chinese Taipei"]
[WhiteTeamCountry "ENG"]
[TimeControl "40/5400+30:1800+30"]

1. e4 e5 2. Nf3 Nc6 3. Bb5 a6 4. Ba4 Nf6 5. O-O Be7 6. d3 b5 7. Bb3 d6 8. c3 O-O 9. h3 Na5 10. Bc2 c5 11. d4 Qc7 12. d5 c4 (12... Nd7 $11 {might be stronger.}) 13. b4 $14 cxb3 14. axb3 Nb7 15. b4 {[%emt 0:01:48] Wards off Nc5} Nd7 16. Be3 Nb6 17. Nbd2 f5 (17... Bd7 $14) 18. exf5 $16 Bxf5 19. Bxf5 Rxf5 20. Qc2 (20. Qb3 $142) 20... Rff8 21. Qd3 Rfc8 22. Ra2 {[%emt 0:11:06] White has more active pieces.} Na4 23. Rc2 a5 (23... Nxc3 $2 24. Rfc1 $18) 24. Rfc1 Qd7 25. Ne4 g6 (25... Rc4 $16 {was necessary.} 26. Neg5 g6) 26. Bg5 $18 Bxg5 (26... Rab8 {was called for.} 27. Bxe7 Qxe7) 27. Nfxg5 Rf8 {[%emt 0:00:23] Inhibits Nf6+.} 28. Ne6 Rf7 29. c4 axb4 30. cxb5 Nac5 31. N4xc5 Nxc5 32. Nxc5 {[%emt 0:00:07] White is clearly winning.} dxc5 33. Rxc5 Ra3 (33... Kg7 $142 34. b6 Qf5 35. Qxf5 gxf5) 34. Qe4 Qf5 35. Qxf5 ({Weaker is} 35. Qxb4 Qxf2+ 36. Kh2 (36. Kh1 Rxh3+ 37. gxh3 Qf3+ 38. Kh2 Qf2+ 39. Kh1 Qf3+ 40. Kh2 Qf2+ 41. Kh1 $11) 36... Rg3 37. Rc8+ (37. Qe4 $2 Rf4 $19) 37... Kg7 $11) 35... gxf5 {[%emt 0:01:12][%mdl 4096] Endgame. KRR-KRR} 36. b6 b3 37. Rb5 {[%emt 0:00:52] [#] b7 would kill now.} Rb7 38. Rc8+ Kf7 39. d6 {[%emt 0:02:24][%cal Bd5d6,Bd6d7][%mdl 32] Rc7+ is the strong threat.} Ke6 40. Rc7 Rb8 41. d7 {[%emt 0:30:51] Weighted Error Value: White=0.11 (very precise) /Black=0.31.  Mistake:       	White=1     	Black=5      Inaccurate:     	White=1     	Black=2      OK:         	White=11    	Black=7      Best:        	White=1     	Black=1} 1-0

[Event "45th FIDE Olympiad 2024"]
[Site "Budapest"]
[Date "2024.09.11"]
[Round "1.35"]
[White "Pride, Avian"]
[Black "Hommadov, Amanmuhammet"]
[Result "0-1"]
[ECO "D82"]
[WhiteElo "1743"]
[BlackElo "2181"]
[Annotator "ChessBase"]
[PlyCount "124"]
[EventDate "2024.09.05"]
[EventType "team-tourn"]
[EventCountry "HUN"]
[SourceTitle "playchess.com"]
[Source "ChessBase"]
[SourceQuality "1"]
[WhiteTeam "Bahamas"]
[BlackTeam "Turkmenistan"]
[WhiteTeamCountry "BAH"]
[BlackTeamCountry "TKM"]
[TimeControl "40/5400+30:1800+30"]

1. d4 Nf6 2. c4 g6 3. Nc3 d5 4. Nf3 Bg7 5. Bf4 O-O 6. e3 c5 7. dxc5 Qa5 8. Qb3 dxc4 9. Bxc4 Qxc5 10. O-O Nc6 11. Qb5 Qxb5 12. Bxb5 Nh5 13. Bxc6 Nxf4 14. Ba4 Nd3 15. Nd5 e6 16. Ne7+ Kh8 17. Bb5 Nxb2 18. Rab1 a6 19. Nd4 Bxd4 20. exd4 axb5 21. Nxc8 Nc4 22. Rxb5 Rfxc8 23. Rxb7 Kg7 24. g3 Rxa2 25. Re1 Ra6 26. Rc1 Nd6 27. Rxc8 Nxc8 28. Rc7 Nb6 29. Rc6 Ra1+ 30. Kg2 Nd5 31. Rc2 Rd1 32. Rc4 Rd3 33. Kf1 Nc3 34. h3 Nb5 35. Ke2 Rxd4 36. Rc5 Rd5 37. Rc4 Nd4+ 38. Ke3 Nf5+ 39. Ke2 Ra5 40. g4 Ra2+ 41. Kf3 Ra3+ 42. Ke2 Nh4 43. Re4 g5 44. Re3 Rxe3+ 45. Kxe3 Ng6 46. Kf3 Kf6 47. Kg3 Ke5 48. Kf3 Kd4 49. Kg2 Nh4+ 50. Kg3 Ke4 51. Kh2 Kf3 52. Kg1 Ng2 53. Kf1 e5 54. Kg1 e4 55. Kf1 Nf4 56. Kg1 Nd3 57. h4 gxh4 58. g5 Nxf2 59. Kh2 e3 60. Kg1 e2 61. Kh2 e1=Q 62. g6 Qh1# 0-1

[Event "45th FIDE Olympiad 2024"]
[Site "Budapest"]
[Date "2024.09.11"]
[Round "1.36"]
[White "Halynyazov, Vepaly"]
[Black "Whyms, Chapell"]
[Result "1-0"]
[ECO "A65"]
[WhiteElo "2049"]
[BlackElo "1701"]
[Annotator "NA"]
[PlyCount "89"]
[EventDate "2024.09.05"]
[EventType "team-tourn"]
[EventCountry "HUN"]
[SourceTitle "playchess.com"]
[Source "ChessBase"]
[SourceQuality "1"]
[WhiteTeam "Turkmenistan"]
[BlackTeam "Bahamas"]
[WhiteTeamCountry "TKM"]
[BlackTeamCountry "BAH"]
[TimeControl "40/5400+30:1800+30"]

1. d4 Nf6 2. c4 g6 3. Nc3 Bg7 4. e4 d6 5. h3 O-O 6. Bg5 c5 7. d5 e6 8. Nf3 exd5 9. cxd5 h6 10. Be3 Re8 11. Bd3 b5 12. Bxb5 Nbd7 13. Bd3 c4 14. Bc2 Rb8 15. Rb1 Qa5 16. O-O Nc5 17. Qd2 Kh7 18. Rfe1 Bd7 19. Bd4 Re7 20. Qf4 Ne8 21. e5 dxe5 22. Bxe5 Bxe5 23. Rxe5 Qc7 24. Bxg6+ Kg7 25. Bc2 Nd3 26. Bxd3 cxd3 27. Qg3+ Kf8 28. Rxe7 Qxg3 29. Rxe8+ Kxe8 30. fxg3 Bf5 31. Nd4 Bg6 32. Nc6 d2 33. Nxb8 Bxb1 34. Kf2 Bd3 35. Ke3 Bf1 36. Kxd2 Bxg2 37. h4 h5 38. Ke3 Ke7 39. Kd4 Bf1 40. Kc5 a6 41. d6+ Kd8 42. d7 Bg2 43. Kd6 Bb7 44. Ne2 a5 45. Nd4 1-0

[Event "45th FIDE Olympiad 2024"]
[Site "Budapest"]
[Date "2024.09.11"]
[Round "1.36"]
[White "Wang, Ting-Hao"]
[Black "McShane, Luke J"]
[Result "0-1"]
[ECO "C45"]
[WhiteElo "1842"]
[BlackElo "2611"]
[Annotator "RC"]
[PlyCount "58"]
[EventDate "2024.09.05"]
[EventType "team-tourn"]
[EventCountry "HUN"]
[SourceTitle "playchess.com"]
[Source "ChessBase"]
[SourceQuality "1"]
[WhiteTeam "Chinese Taipei"]
[BlackTeam "England"]
[BlackTeamCountry "ENG"]
[TimeControl "40/5400+30:1800+30"]

1. e4 e5 2. Nf3 Nc6 3. d4 exd4 4. Nxd4 Bb4+ 5. c3 Be7 6. Nxc6 bxc6 7. Bc4 Nf6 8. e5 Nd5 9. Bxd5 cxd5 10. Qxd5 Ba6 11. c4 c6 12. Qd4 O-O 13. O-O d6 14. exd6 Bxd6 15. Be3 Qb8 16. Nc3 Bxh2+ 17. Kh1 Be5 18. Qc5 Re8 19. Rae1 Bxc3 20. Rd1 Bxb2 21. Rd6 Be5 22. Rd7 Bc8 23. Rd2 Be6 24. f4 Bf6 25. f5 Bxc4 26. Qxc4 Rxe3 27. Qxc6 h5 28. Rd7 Qe8 29. Qd5 Re1 0-1

[Event "45th FIDE Olympiad 2024"]
[Site "Budapest"]
[Date "2024.09.11"]
[Round "1.37"]
[White "Maghsoodloo, Parham"]
[Black "Tan, Jun Ying"]
[Result "1-0"]
[ECO "D02"]
[WhiteElo "2723"]
[BlackElo "2322"]
[Annotator "TA"]
[PlyCount "79"]
[EventDate "2024.09.05"]
[EventType "team-tourn"]
[EventCountry "HUN"]
[SourceTitle "playchess.com"]
[Source "ChessBase"]
[SourceQuality "1"]
[WhiteTeam "Iran"]
[BlackTeam "Malaysia"]
[WhiteTeamCountry "IRI"]
[BlackTeamCountry "MAS"]
[TimeControl "40/5400+30:1800+30"]

1. Nf3 d5 2. g3 Nd7 3. d4 Nb6 4. Nc3 Nf6 5. Bg2 g6 6. a4 a5 7. b3 Bg7 8. Ba3 {[%emt 0:01:20] White is slightly better.} O-O 9. O-O c6 10. h3 Re8 11. e3 Bf5 12. Rc1 Ne4 13. Ne2 Nd6 14. Nd2 Ne4 15. Nxe4 Bxe4 16. f3 $1 Bf5 17. e4 Be6 18. Qd3 Bh6 19. Rcd1 f6 20. g4 Qd7 21. Qc3 Bf7 {[%emt 0:04:08] [#]} 22. e5 $1 f5 23. Qe1 {[%emt 0:00:57] White is more active.} e6 24. h4 Bf8 25. Bc1 Qd8 26. h5 Bg7 (26... Be7 $16) 27. Qg3 $18 fxg4 (27... Nd7 $142 28. gxf5 exf5) 28. fxg4 gxh5 $2 {[%emt 0:09:30] [#]} (28... Qe7 29. h6 Bh8) 29. Rxf7 $1 Kxf7 30. Rf1+ Kg8 31. gxh5 Kh8 32. Bg5 (32. Rf7 $142 Rg8 33. Nf4 (33. Rxb7 Nd7 $17)) 32... Qc7 33. h6 Bxh6 34. Bxh6 {[%emt 0:00:08] Hoping for Bg5. This pair of bishops is nice. Black is weak on the dark squares} Rg8 35. Bg5 {[%emt 0:00:07] And now Bf6+ would win.} Raf8 36. Rxf8 Rxf8 37. Nf4 Qg7 38. Nxe6 {[%emt 0:00:10] White mates.} Qg6 39. Nxf8 Qxc2 40. Bf6# {[%emt 0:00:08] Weighted Error Value: White=0.16 (very precise) /Black=0.47.  Mistake:       	White=1     	Black=3      Inaccurate:     	White=1     	Black=2      OK:         	White=13    	Black=10     Best:        	---       	Black=1      Strong:       	White=2     	---        Brilliant:      	White=1     	---} 1-0

[Event "45th FIDE Olympiad 2024"]
[Site "Budapest"]
[Date "2024.09.11"]
[Round "1.37"]
[White "Gemy, Jose Daniel"]
[Black "Fancy, Stuart"]
[Result "1-0"]
[ECO "B00"]
[WhiteElo "2315"]
[BlackElo "1921"]
[Annotator "ChessBase"]
[PlyCount "57"]
[EventDate "2024.09.05"]
[EventType "team-tourn"]
[EventCountry "HUN"]
[SourceTitle "playchess.com"]
[Source "ChessBase"]
[SourceQuality "1"]
[WhiteTeam "Bolivia"]
[BlackTeam "Papua New Guinea"]
[WhiteTeamCountry "BOL"]
[BlackTeamCountry "PNG"]
[TimeControl "40/5400+30:1800+30"]

1. e4 Nc6 2. Nf3 d6 3. Bc4 Nf6 4. d3 Na5 5. Nc3 g6 6. h3 Bg7 7. Bg5 h6 8. Be3 O-O 9. Qd2 Kh7 10. g4 c6 11. g5 Nxc4 12. dxc4 hxg5 13. Nxg5+ Kg8 14. O-O-O Qa5 15. Kb1 Re8 16. f4 Nh7 17. Rdg1 Bxc3 18. bxc3 f5 19. Nxh7 Kxh7 20. Qf2 fxe4 21. Rg5 Bf5 22. Bd4 Kg8 23. h4 Kf7 24. h5 Ke6 25. hxg6 c5 26. Rxf5 Qb6+ 27. Ka1 cxd4 28. Rb5 e3 29. Qg3 1-0

[Event "45th FIDE Olympiad 2024"]
[Site "Budapest"]
[Date "2024.09.11"]
[Round "1.38"]
[White "Wong, Jianwen"]
[Black "Daneshvar, Bardiya"]
[Result "0-1"]
[ECO "A13"]
[WhiteElo "2231"]
[BlackElo "2598"]
[Annotator "TA"]
[PlyCount "78"]
[EventDate "2024.09.05"]
[EventType "team-tourn"]
[EventCountry "HUN"]
[SourceTitle "playchess.com"]
[Source "ChessBase"]
[SourceQuality "1"]
[WhiteTeam "Malaysia"]
[BlackTeam "Iran"]
[WhiteTeamCountry "MAS"]
[BlackTeamCountry "IRI"]
[TimeControl "40/5400+30:1800+30"]

1. c4 g6 2. g3 Bg7 3. Bg2 e6 4. Nf3 d5 5. O-O Ne7 6. d4 O-O 7. h4 h6 8. Bf4 Nbc6 9. Qc1 {[%emt 0:04:55] White is slightly better.} Nf5 10. Nc3 dxc4 11. Rd1 $1 Qe7 12. e4 (12. Nb5 $11) 12... Nfxd4 $15 13. Nxd4 Nxd4 14. e5 c5 (14... Rd8 $15) 15. Re1 Kh7 16. Ne4 Bd7 $1 17. Nd6 (17. Qxc4 $15 Bb5 18. Qxc5 Qxc5 19. Nxc5) 17... b5 18. b3 (18. a4 $1 $15) 18... Bc6 ({Better is} 18... f6 $19 {[%cal Of6e5] aiming for ...fxe5!} 19. exf6 Qxf6 20. bxc4 e5) 19. Bxc6 $17 Nxc6 20. Nxb5 cxb3 21. axb3 a6 22. Nd6 Nd4 $36 {[%emt 0:00:13][%mdl 2048] Black has strong initiative.} 23. Qd1 f6 24. exf6 {[%emt 0:04:22] Loses the game.} (24. Be3 $17 {keeps fighting.}) 24... Rxf6 $19 25. Ne4 {[%emt 0:04:12] [#]} Rxf4 26. gxf4 Qxh4 27. Rc1 Qxf4 28. Re3 {[%emt 0:00:20] Repels Nf3+} (28. Rc3 {only move.}) 28... Be5 29. Ng3 Rf8 30. Qe1 Bg7 31. Kg2 Qg5 32. Qh1 (32. Rec3 {is a better defense.}) 32... Qd5+ 33. Ne4 Nxb3 34. Rxb3 (34. Rd1 $142 Nd4 35. f3) 34... Qxb3 {[%emt 0:00:27] Black is clearly winning.} 35. Rxc5 Qf3+ 36. Kg1 Qg4+ 37. Qg2 Rf4 38. Qxg4 Rxg4+ 39. Ng3 {[%emt 0:00:07] [#]} Rxg3+ $1 {[%emt 0:00:12] Weighted Error Value: White=0.67/Black=0.20 (precise) .  Mistake:       	White=7     	Black=2      Inaccurate:     	White=3     	Black=3      OK:         	White=9     	Black=10     Best:        	White=2     	Black=2      Strong:       	White=1     	Black=1      Brilliant:      	---       	Black=1} 0-1